 Dungeon Crawl Stone Soup version 0.28-a0-529-g3bad584f25 (webtiles) character file.

Game seed: 5224643832613432246

65978 speeev33 the Warrior (level 15, -11/105 HPs)
             Began as a Gargoyle Fighter on Sept 24, 2021.
             Was the Champion of Okawaru.
             Mangled by an orc warlord (29 damage)
             ... on level 1 of the Orcish Mines.
             The game lasted 00:46:35 (26538 turns).

speeev33 the Warrior (Gargoyle Fighter)            Turns: 26538, Time: 00:46:35

Health: -11/105    AC: 37    Str: 32    XL:     15   Next: 18%
Magic:  20/20      EV:  7    Int:  9    God:    Okawaru [******]
Gold:   1991       SH: 13    Dex:  9    Spells: 14/14 levels left

rFire   . . .      SeeInvis +   B - +5 eveningstar (elec)
rCold   . . .      Faith    .   L - +0 kite shield
rNeg    + . .      Spirit   .   I - +4 chain mail {Will+}
rPois   ∞          Reflect  +   F - +0 helmet
rElec   +          Harm     .   l - +1 cloak {Will+}
rCorr   .          Rampage  .   O - +0 pair of gloves "Tonnov" {Will+}
Will    ++++.                   C - +0 pair of boots
Stlth   ..........              p - amulet of reflection
HPRegen 0.27/turn               e - ring of see invisible
MPRegen 0.17/turn               q - +6 ring of strength

@: flying, hasted, very quick
A: sickness immunity, AC +11, big wings, negative energy resistance 1,
electricity resistance, torment resistance 1, petrification resistance
a: Renounce Religion, Heroism, Finesse, Duel


You were on level 1 of the Orcish Mines.
You worshipped Okawaru.
Okawaru was exalted by your worship.
You visited 4 branches of the dungeon, and saw 20 of its levels.

You collected 1991 gold pieces.

Inventory:

Hand Weapons
 B - a +5 eveningstar of electrocution (weapon)
Missiles
 t - 53 poisoned darts (quivered)
 D - 3 throwing nets
 G - 6 boomerangs of dispersal
Armour
 l - a +1 cloak of willpower (worn)
 C - a +0 pair of boots (worn)
 F - a +0 helmet (worn)
 I - a +4 chain mail of willpower (worn)
 L - a +0 kite shield (worn)
 O - the +0 pair of gloves "Tonnov" (worn) {Will+}
   (Okawaru gifted it to you on level 1 of the Orcish Mines)

   Will:      It increases your willpower.
Jewellery
 e - a ring of see invisible (left hand)
 k - a +4 ring of evasion
 p - an amulet of reflection (around neck)
 q - a +6 ring of strength (right hand)
 w - a ring of flight
 x - a +6 ring of intelligence
 E - a ring of ice
 M - a ring of protection from cold
Wands
 m - a wand of mindburst (7)
 n - a wand of polymorph (23)
 u - a wand of charming (16)
 H - a wand of iceblast (8)
Scrolls
 d - 4 scrolls of vulnerability
 y - 2 scrolls of amnesia
 z - 7 scrolls of teleportation
 J - a scroll of enchant armour
 K - a scroll of identify
 N - a scroll of fog
Potions
 a - a potion of degeneration
 b - 3 potions of ambrosia
 f - 5 potions of lignification
 g - 3 potions of heal wounds
 h - 7 potions of curing
 i - 2 potions of brilliance
 j - a potion of attraction
 o - a potion of cancellation
 r - 3 potions of mutation
 s - a potion of haste
 v - 3 potions of flight
 A - a potion of might


   Skills:
 + Level 16.4 Fighting
 + Level 15.0 Maces & Flails
 + Level 16.4 Armour
 + Level 4.2 Shields
 - Level 7.0 Invocations


You had 14 spell levels left.
You didn't know any spells.
Your spell library contained the following spells:

 Spells                   Type           Power      Damage    Failure   Level
 Apportation              Tloc           0%         N/A       99%         1
 Shock                    Conj/Air       0%         1d3       99%         1
 Ensorcelled Hibernation  Hex/Ice        0%         N/A       100%        2
 Dazzling Flash           Conj/Hex       0%         N/A       100%        3
 Inner Flame              Hex/Fire       0%         N/A       100%        3
 Ozocubu's Armour         Ice            0%         N/A       100%        3
 Swiftness                Air            0%         N/A       100%        3
 Airstrike                Air            0%         N/A       100%        4
 Cause Fear               Hex            0%         N/A       100%        4
 Iskenderun's Mystic Bla  Conj/Tloc      0%         2d3       100%        4
 Alistair's Intoxication  Tmut/Pois      0%         N/A       100%        5
 Metabolic Englaciation   Hex/Ice        0%         N/A       100%        5
 Invisibility             Hex            0%         N/A       100%        6
 Starburst                Conj/Fire      0%         6d3       100%        6
 Discord                  Hex            0%         N/A       100%        8
 Animate Skeleton         Necr           Unusable   N/A       N/A         1
 Summon Small Mammal      Summ           Unusable   N/A       N/A         1
 Tukima's Dance           Hex            Unusable   N/A       N/A         3
 Simulacrum               Ice/Necr       Unusable   N/A       N/A         6

Dungeon Overview and Level Annotations

Branches:
Dungeon (11/15)            Temple (1/1) D:4            Lair (6/6) D:8
 Shoals (0/4) Lair:2        Snake (0/4) Lair:4        Slime (0/5) Lair:6
    Orc (2/2) D:11            Elf (0/3) Orc:2

Altars:
Ashenzari
Cheibriados
Dithmenos
Elyvilon
Fedhas
Gozag
Hepliaklqana
Kikubaaqudgha
Makhleb
Nemelex Xobeh
Okawaru
Qazlal
Ru
Sif Muna
Trog
Uskayaw
Vehumet
Wu Jian
Xom
Yredelemnul
Zin
The Shining One
Beogh
Jiyva

Shops:
D:8 !   Orc:2 (((!

Annotations:
Lair:1 2 transporters
Lair:6 exclusion: oklob plant


Innate Abilities, Weirdness & Mutations

You are immune to sickness and miasma.
Your stone body is resilient. (AC +11)
You are immune to poison.
Your large and strong wings let you fly.
You resist negative energy. (rN+)
You are resistant to electric shocks. (rElec)
You are resistant to unholy torment.
You are immune to petrification.


Message History

The warg is severely wounded.
The warg bites you but does no damage.
The orc priest looks satisfied for a moment.
You block the orc warrior's attack. The warg bites you but does no damage.
You hit the warg.
The warg is severely wounded.
You block the warg's attack.
The orc warrior hits you from afar with a +2 halberd of venom.
You bludgeon the warg!!
You kill the warg!
Okawaru accepts your kill.
The orc priest looks encouraged for a moment.
The orc warrior hits you from afar with a +2 halberd of venom!
You hit the orc warlord but do no damage.
You sock the orc warlord!
Lightning courses through the orc warlord!
The orc warlord is moderately wounded.
The orc warlord roars a battlecry!
The orcs go into a battle-frenzy!
You barely miss the orc warlord.
The orc warlord is moderately wounded.
The orc warlord hits you with a +0 great sword!!
You hit the orc warlord but do no damage.
The orc warlord is moderately wounded.
The orc no longer looks unusually strong.
The orc warlord no longer looks unusually strong.
You closely miss the orc warlord.
The orc warlord is moderately wounded.
You block the orc warlord's attack.
The orc priest calls down the wrath of Beogh upon you.
Beogh smites you!
* * * LOW HITPOINT WARNING * * *
The orc knight roars a battlecry!
The orc warlord goes into a battle-frenzy!
Okay, then.
Okay, then.
Unknown command.
You feel yourself speed up. You block the orc's attack.
The orc warlord hits you with a +0 great sword!!
You die...

.................#...##
...........#.......#
...........##..##.##
...........##.#.###
.................#
..........##.#.## #.
#........#####
#.#.##.#.....##
.......o@.....#
.#.....o.##.##
#...##o##### #...###o##
........oo#
........ooo....#
......o.......## .
......o....##
.............


You could see an orc warlord (strong), an orc knight, 2 orc warriors and 3 orcs.

Vanquished Creatures
  2 orc warlords
  3 dire elephants (Lair:6)
  Snorg (Orc:2)
  7 hydras
  Harold (Lair:2)
  4 ogre magi
  Fannar (Lair:2)
  15 two-headed ogres
  4 death yaks
  Urug (D:10)
  A spectral anaconda (Lair:6)
  An orc knight (Orc:1)
  An obsidian statue (Lair:6)
  A wolf spider (D:11)
  3 necromancers (Lair:6)
  An orc sorcerer (Orc:1)
  A cyclops (D:11)
  8 elephants (Lair:6)
  A guardian serpent (Lair:4)
  6 black mambas
  2 torpor snails
  Maggie (D:6)
  13 cane toads
  11 komodo dragons
  A rime drake (Lair:5)
  5 trolls
  5 blink frogs (Lair:5)
  5 dream sheep (Lair:6)
  A shadow (D:11)
  2 wyverns
  3 wraiths (D:11)
  49 yaks
  A dire elephant simulacrum (Lair:6)
  4 basilisks
  2 steam dragons (D:10)
  4 wargs
  3 death yak simulacra (Lair:6)
  7 water moccasins
  An acid dragon (D:11)
  30 orc warriors
  3 sky beasts
  2 black bears
  A necrophage (D:4)
  23 wolves
  28 ogres
  7 centaurs
  An elephant skeleton (Lair:6)
  2 phantoms
  A gnoll sergeant (D:8)
  9 bullfrogs
  4 scorpions
  A wyvern zombie (D:6)
  A wyvern skeleton (D:6)
  6 killer bees (D:10)
  2 elephant simulacra (Lair:6)
  6 howler monkeys
  A wight (D:10)
  2 electric eels
  5 centaur zombies
  4 jellies
  A bullfrog skeleton (D:7)
  18 orc priests
  3 hounds
  A centaur skeleton (D:5)
  9 hell rats
  A scorpion zombie (D:5)
  27 orc wizards
  2 iguanas
  A hound skeleton (D:5)
  12 gnolls
  6 adders
  A shadow imp (D:6)
  An adder skeleton (D:4)
  3 worms
  6 dart slugs
  81 orcs
  3 bats
  5 endoplasms
  4 giant cockroaches
  10 goblins
  8 hobgoblins
  2 jackals (D:1)
  4 quokkas
  4 ball pythons
  2 frilled lizards (D:2)
  7 kobolds
  4 rats
548 creatures vanquished.

Vanquished Creatures (others)
  A spectral cane toad (Lair:6)
  61 fungi
  125 plants
  11 toadstools (Lair:6)
  31 withered plants (Lair:6)
229 creatures vanquished.

Grand Total: 777 creatures vanquished

Notes
Turn   | Place    | Note
-------+----------+-------------------------------------------
     0 | D:1      | speeev33 the Gargoyle Fighter began the quest for the Orb.
     0 | D:1      | Reached XP level 1. HP: 14/14 MP: 1/1
   146 | D:1      | Reached XP level 2. HP: 19/19 MP: 2/2
   473 | D:1      | Reached XP level 3. HP: 23/23 MP: 3/3
   501 | D:1      | Upgraded the game from 0.28-a0-519-gbfeecf2fc5 to
                  | 0.28-a0-529-g3bad584f25
   932 | D:2      | Reached XP level 4. HP: 8/29 MP: 4/4
  1518 | D:2      | Found a faded altar of an unknown god.
  1740 | D:2      | Found a white marble altar of Elyvilon.
  2510 | D:3      | Reached XP level 5. HP: 33/33 MP: 5/5
  2975 | D:4      | Noticed a necrophage
  3000 | D:4      | Killed a necrophage
  3001 | D:4      | Reached XP level 6. HP: 39/39 MP: 6/6
  3319 | D:4      | Reached skill level 5 in Fighting
  3319 | D:4      | Reached skill level 5 in Armour
  3428 | D:4      | Found a hide-covered altar of Uskayaw.
  3436 | D:4      | Found a staircase to the Ecumenical Temple.
  3698 | D:5      | Entered Level 5 of the Dungeon
  3785 | D:5      | Reached XP level 7. HP: 38/44 MP: 7/7
  4372 | D:5      | Reached skill level 5 in Maces & Flails
  4496 | D:5      | Reached XP level 8. HP: 45/51 MP: 8/8
  4644 | D:5      | Found a shadowy altar of Dithmenos.
  5217 | Temple   | Entered the Ecumenical Temple
  5543 | D:4      | Found a sparkling altar of Nemelex Xobeh.
  5944 | D:6      | Found an opulent altar of Gozag.
  6517 | D:6      | Noticed Maggie
  6535 | D:6      | Killed Maggie
  6536 | D:6      | Reached XP level 9. HP: 59/59 MP: 9/9
  8503 | D:8      | Reached XP level 10. HP: 66/66 MP: 10/10
  8532 | D:8      | Found a staircase to the Lair.
  9128 | D:8      | Found Esixiemn's Distillery.
  9333 | D:8      | Found a shimmering blue altar of Sif Muna.
  9342 | D:8      | Found an ancient bone altar of Kikubaaqudgha.
  9356 | D:8      | Found a radiant altar of Vehumet.
  9436 | D:9      | Noticed a two-headed ogre
  9452 | D:9      | Killed a two-headed ogre
  9681 | D:9      | Reached skill level 10 in Armour
 10006 | D:8      | Reached skill level 10 in Fighting
 10664 | D:10     | Entered Level 10 of the Dungeon
 11249 | D:10     | Noticed Urug
 11262 | D:10     | Killed Urug
 11470 | D:10     | Found a stormy altar of Qazlal.
 11512 | D:10     | Found a snail-covered altar of Cheibriados.
 11512 | D:10     | Found a broken altar of Ashenzari.
 11538 | D:10     | Found an iron altar of Okawaru.
 11546 | D:10     | Became a worshipper of Warmaster Okawaru
 11582 | D:10     | Found an ornate altar of the Wu Jian Council.
 11758 | D:10     | Reached XP level 11. HP: 73/73 MP: 11/11
 11903 | D:11     | Noticed a two-headed ogre
 11912 | D:11     | Killed a two-headed ogre
 11912 | D:11     | Reached * piety under Okawaru
 11994 | D:11     | Noticed a wolf spider
 12004 | D:11     | Killed a wolf spider
 12005 | D:11     | Reached skill level 10 in Maces & Flails
 12157 | D:11     | Noticed a cyclops
 12271 | Lair:1   | Entered Level 1 of the Lair of Beasts
 12522 | Lair:1   | Reached ** piety under Okawaru
 12592 | Lair:1   | Reached *** piety under Okawaru
 13176 | Lair:1   | Found a transporter.
 13182 | Lair:1   | Noticed a boulder beetle
 13183 | Lair:1   | Found a transporter.
 13183 | Lair:1   | Noticed a boulder beetle
 13564 | Lair:2   | You are sucked into a shaft and drop 2 floors!
 13564 | Lair:4   | Found a staircase to the Snake Pit.
 13576 | Lair:4   | Reached **** piety under Okawaru
 13577 | Lair:4   | Reached XP level 12. HP: 60/82 MP: 12/12
 13822 | Lair:4   | Noticed an eight-headed hydra
 13823 | Lair:4   | Noticed a seven-headed hydra
 14578 | Lair:2   | Found a staircase to the Shoals.
 14588 | Lair:2   | Noticed Harold
 14606 | Lair:2   | Killed Harold
 14656 | Lair:2   | Reached skill level 1 in Invocations
 15083 | Lair:2   | Noticed Fannar
 15098 | Lair:2   | Killed Fannar
 15998 | Lair:3   | Killed a seven-headed hydra
 16004 | Lair:3   | Killed an eight-headed hydra
 16326 | Lair:4   | Noticed a five-headed hydra
 16336 | Lair:4   | Killed a five-headed hydra
 16508 | Lair:4   | Reached ***** piety under Okawaru
 17227 | Lair:5   | Noticed a five-headed hydra
 17241 | Lair:5   | Killed a five-headed hydra
 17602 | Lair:5   | Reached XP level 13. HP: 78/88 MP: 16/16
 17727 | Lair:5   | Reached skill level 5 in Invocations
 18482 | Lair:6   | Entered Level 6 of the Lair of Beasts
 18484 | Lair:6   | Identified the +2 dire flail "Earthworm" {elec, Drain Int+5
                  | SInv}
 18546 | Lair:5   | Received a gift from Okawaru
 18839 | Lair:6   | Found a viscous altar of Jiyva.
 18840 | Lair:6   | Found a staircase to the Slime Pits.
 19968 | Lair:6   | Reached ****** piety under Okawaru
 20059 | Lair:6   | Noticed a dire elephant
 20059 | Lair:6   | Noticed a dire elephant
 20059 | Lair:6   | Noticed a dire elephant
 20066 | Lair:6   | Found a blossoming altar of Fedhas.
 20083 | Lair:6   | Received a gift from Okawaru
 20344 | Lair:6   | Gained mutation: Your large and strong wings let you fly.
                  | [Gargoyle growth]
 20344 | Lair:6   | Reached XP level 14. HP: 82/95 MP: 19/19
 20435 | Lair:6   | Reached skill level 15 in Armour
 20488 | Lair:6   | Reached skill level 15 in Fighting
 20897 | Lair:6   | Killed a dire elephant
 20902 | Lair:6   | Killed a dire elephant
 20915 | Lair:6   | Killed a dire elephant
 22101 | D:11     | Found a radiant altar of Vehumet.
 22446 | D:11     | Found a staircase to the Orcish Mines.
 22819 | Orc:1    | Entered Level 1 of the Orcish Mines
 22863 | Orc:1    | Noticed an orc warlord
 22894 | D:11     | Killed an orc warlord
 23457 | Orc:2    | Entered Level 2 of the Orcish Mines
 24085 | Orc:1    | Identified the +0 pair of gloves "Tonnov" {Will+} (Okawaru
                  | gifted it to you on level 1 of the Orcish Mines)
 24085 | Orc:1    | Received a gift from Okawaru
 25089 | Orc:2    | Reached XP level 15. HP: 103/104 MP: 20/20
 25200 | Orc:2    | Found Luopno's Antique Weapon Shoppe.
 25200 | Orc:2    | Found Nobiech's Distillery.
 25201 | Orc:2    | Found Jaick's Weapon Shoppe.
 25201 | Orc:2    | Found Reunodirphi's Weapon Shop.
 25559 | Orc:2    | Found a staircase to the Elven Halls.
 25947 | Orc:1    | Noticed Snorg
 25947 | Orc:1    | Noticed an orc warlord
 26010 | Orc:2    | Killed Snorg
 26172 | Orc:2    | Killed an orc warlord
 26174 | Orc:2    | Reached skill level 15 in Maces & Flails
 26505 | Orc:1    | Noticed an orc warlord
 26538 | Orc:1    | Mangled by an orc warlord

Illustrated notes

Levels and vault maps discovered:
D:1:      moated_graveyard_arrival, layout_rooms, kennysheep_another_room,
          chequers_serial_rivers_room_b
D:2:      layout_basic, shapermc_ecumenical_altar_mp_vishouse, basic_altar
D:3:      layout_basic, grunt_ministairs_9
D:4:      layout_basic, lemuel_doored_altar, overflow_temple_1_default,
          minmay_temple_entry_from_below_a
D:5:      layout_cave_pods, nicolae_dithmenos_the_darkroom
D:6:      layout_gridville, overflow_temple_1_default, minmay_misc_feat_encased,
          uniq_maggie
D:7:      layout_cave_pools, minivault_27
D:8:      layout_loops_cross, palyth_temple_overflow_mages, david_lair_shrubbed,
          serial_shops, nicolae_lakefront_shop, serial_park_tiny_1
D:9:      layout_basic, grunt_decor_mini_mirrors
D:10:     layout_long_grid, kennysheep_okawaru_gauntlet,
          gammafunk_temple_overflow_claw, mainiacjoe_overflow_24_doors,
          kennysheep_generic_room_8, uniq_urug
D:11:     layout_cave_pods, erik_orc_3, enter_bailey_5,
          nicolae_vehumet_altar_sigil
Temple:   zaba_magenta_temple
Lair:1:   gammafunk_boulding_lane, layout_gridlike
Lair:2:   layout_regular_city, minmay_shoals_entry_centaurs,
          infiniplex_staircase_pool_2, uniq_fannar, uniq_harold
Lair:3:   layout_chaotic_city, minivault_24
Lair:4:   layout_regular_city, minmay_snake_entry_spellcaster
Lair:5:   layout_regular_city, serial_bayou_lagoon_b, lemuel_fruit_tree,
          grunt_megastairs_3
Lair:6:   due_jungle_book, layout_loops_ring, slime_altar_1,
          nicolae_quartered_pool_medium, bh_autumn_forest_stairs, tgw_fedhas,
          lemuel_fruit_fields
Orc:1:    layout_caves, basic_altar, uniq_snorg
Orc:2:    st_orc_ogre_mass, layout_caves, enter_volcano_4

Skill      XL: |  1  2  3  4  5  6  7  8  9 10 11 12 13 14 15 |
---------------+----------------------------------------------+-----
Shields        | 4 |  4.2
Fighting       | 4 5 6 7 9 10 12 13 14 16 | 16.4
Armour         | 4 5 6 7 9 10 12 13 14 16 | 16.4
Maces & Flails | 3 4 5 6 8 9 11 12 13 14 15 | 15.0
Invocations    | 4 7 |  7.0

Action                   |  1- 3 |  4- 6 |  7- 9 | 10-12 | 13-15 || total
-------------------------+-------+-------+-------+-------+-------++-------
Melee: Flail             |    83 |   234 |   429 |   201 |       ||   947
       Eveningstar       |       |       |       |   458 |   789 ||  1247
Throw: Dart              |       |       |       |     4 |     1 ||     5
Invok: Heroism           |       |       |       |     4 |     6 ||    10
       Finesse           |       |       |       |     2 |     4 ||     6
Evoke: Wand              |       |       |     3 |     4 |       ||     7
  Use: Scroll            |     3 |     2 |     7 |    11 |     1 ||    24
       Potion            |       |       |     1 |     2 |     1 ||     4
Armor: Chain mail        |    55 |    20 |       |       |   377 ||   452
       Scale mail        |     1 |       |       |       |       ||     1
       Plate armour      |       |   161 |   260 |   459 |   166 ||  1046
       Skin              |       |       |       |       |     1 ||     1
Dodge: Dodged            |    38 |    67 |   125 |   189 |   280 ||   699
Block: Buckler           |    21 |    57 |   156 |   348 |   408 ||   990
       Reflection        |       |       |     3 |     5 |     3 ||    11
       Kite shield       |       |       |       |       |    35 ||    35

Table legend: (Time is in decaauts)
 A = Elapsed time spent in this place.
 B = Non-inter-level travel time spent in this place.
 C = Inter-level travel time spent in this place.
 D = Time resting spent in this place.
 E = Time spent auto-exploring this place.
 F = Levels seen in this place.
 G = Mean time per level.
                   A        B        C        D        E       F      G
               +--------+--------+--------+--------+--------+-----+--------+
         Total |  26494 |  25479 |   1015 |   9209 |  10043 |  20 | 1324.7 |
       Dungeon |  13622 |  12987 |    635 |   3709 |   6164 |  11 | 1238.4 |
        Temple |     73 |     55 |     18 |      0 |     50 |   1 |   73.0 |
          Lair |   9523 |   9206 |    317 |   3713 |   3005 |   6 | 1587.2 |
  Orcish Mines |   3274 |   3229 |     45 |   1787 |    824 |   2 | 1637.0 |
               +--------+--------+--------+--------+--------+-----+--------+

Top non-repeatable levels by time:
  Lair:6: 3161 daAuts
   Orc:1: 1957 daAuts
     D:8: 1856 daAuts
    D:11: 1517 daAuts
     D:2: 1467 daAuts
     D:5: 1461 daAuts
     D:6: 1456 daAuts
  Lair:3: 1400 daAuts
  Lair:5: 1338 daAuts
   Orc:2: 1317 daAuts
  Lair:4: 1274 daAuts
  Lair:2: 1266 daAuts
     D:4: 1251 daAuts
    D:10: 1237 daAuts
     D:9: 1097 daAuts
